 Dungeon Crawl Stone Soup version 0.25.0-9-g26727b657a (webtiles) character file.

Game seed: 2908643885999643667

238743 Infinimo the Shatterer (level 18, -3/168 HPs)
             Began as a Minotaur Fighter on June 18, 2020.
             Was the Champion of Okawaru.
             Killed from afar by a deep elf knight (10 damage)
             ... with a lance of force
             ... led by a deep elf high priest
             ... on level 1 of the Elven Halls.
             The game lasted 01:10:49 (45991 turns).

Infinimo the Shatterer (Minotaur Fighter)          Turns: 45991, Time: 01:10:50

Health: -3/168     AC: 27    Str: 27    XL:     18   Next: 57%
Magic:  17/17      EV:  8    Int:  5    God:    Okawaru [******]
Gold:   1484       SH: 16    Dex: 14    Spells: 16/17 levels left

rFire    . . .     SeeInvis +   L - +8 demon whip of Eniysemy {pain, rC+ Dex+2}
rCold    + + .     Gourm    .   c - +1 kite shield
rNeg     . . .     Faith    +   Z - +1 plate armour {rPois}
rPois    +         Spirit   .   x - +1 hat {SInv}
rElec    .         Reflect  .   K - scarf {repulsion}
rCorr    .         Harm     .   h - +2 pair of gloves of Resilience {rC+}
MR       +....                  d - +2 pair of boots
Stlth    ..........             F - amulet of faith
HPRegen  0.38/turn              m - +4 ring of slaying
MPRegen  0.15/turn              o - +4 ring of slaying

@: repel missiles
A: retaliatory headbutt, horns 2
}: 2/15 runes: serpentine, barnacled
a: Heroism, Finesse, Renounce Religion


You were on level 1 of the Elven Halls.
You worshipped Okawaru.
Okawaru was exalted by your worship.
You were not hungry.

You visited 7 branches of the dungeon, and saw 33 of its levels.
You also visited: Gauntlet.

You collected 3602 gold pieces.
You spent 2118 gold pieces at shops.

Inventory:

Hand Weapons
 L - the +8 demon whip of Eniysemy (weapon) {pain, rC+ Dex+2}
   (Okawaru gifted it to you on level 15 of the Dungeon)

   In the hands of one skilled in necromantic magic, it inflicts extra damage on
   living creatures.
   It affects your dexterity (+2).
   It protects you from cold.
Armour
 c - a +1 kite shield (worn)
 d - a +2 pair of boots (worn)
 h - the +2 pair of gloves of Resilience (worn) {rC+}
   (Okawaru gifted it to you on level 4 of the Shoals)

   It protects you from cold.
 q - the +1 scale mail of the Cockatrice {Regen+ Int+2 Dex+4}
   (You found it on level 3 of the Snake Pit)

   It affects your intelligence (+2).
   It affects your dexterity (+4).
   It increases your rate of regeneration.
 x - a +1 hat of see invisible (worn)
 K - a scarf of repulsion (worn)
 U - the +0 pair of gloves "Roled" {rCorr Str+3 Dex+2}
   (Okawaru gifted it to you on level 3 of the Shoals)

   It affects your strength (+3).
   It affects your dexterity (+2).
   It provides partial protection from all sources of acid and corrosion.
 Z - a +1 plate armour of poison resistance (worn)
Magical Staves
 W - an uncursed staff of summoning
Jewellery
 m - a +4 ring of slaying (left hand)
 o - a +4 ring of slaying (right hand)
 y - an uncursed ring of resist corrosion
 A - an uncursed ring of fire
 F - an amulet of faith (around neck)
Wands
 s - a wand of polymorph (15)
 v - a wand of iceblast (21)
 w - a wand of clouds (12)
 C - a wand of paralysis (7)
 E - a wand of flame (40)
 I - a wand of disintegration (16)
 O - a wand of acid (12)
 R - a wand of enslavement (11)
 V - a wand of digging (4)
Scrolls
 a - 2 scrolls of amnesia
 e - 3 scrolls of enchant weapon
 i - 9 scrolls of remove curse
 j - 5 scrolls of magic mapping
 l - 4 scrolls of teleportation
 B - 4 scrolls of identify
 D - 4 scrolls of enchant armour
 H - 4 scrolls of fog
 M - 3 scrolls of blinking
 P - 2 scrolls of brand weapon
 Q - a scroll of summoning
 T - 5 scrolls of fear
 X - 2 scrolls of holy word
Potions
 g - 3 potions of lignification
 k - 3 potions of resistance
 n - 13 potions of heal wounds
 p - 4 potions of haste
 r - 4 potions of mutation
 t - 2 potions of stabbing
 u - 3 potions of cancellation
 z - 3 potions of magic
 G - 10 potions of curing
 J - 5 potions of brilliance
 N - 3 potions of might
 S - 2 potions of flight
Comestibles
 b - 6 chunks of flesh
 f - 42 rations


   Skills:
 + Level 16.9 Fighting
 * Level 22.1 Maces & Flails
 + Level 16.8 Armour
 + Level 16.8 Shields
 * Level 9.9 Necromancy


You had 16 spell levels left.
You knew the following spells:

 Your Spells              Type           Power        Failure   Level  Hunger
a - Animate Skeleton      Necr           N/A          5%          1    ##.....

Your spell library contained the following spells:

 Spells                   Type           Power        Failure   Level  Hunger
 Apportation              Tloc           #.....       97%         1    ##.....
 Beastly Appendage        Tmut           #.....       97%         1    ##.....
 Corona                   Hex            #......      97%         1    ##.....
 Infusion                 Chrm           #...         97%         1    ##.....
 Shock                    Conj/Air       #...         97%         1    ##.....
 Sting                    Tmut/Pois      #...         97%         1    ##.....
 Summon Small Mammal      Summ           #...         97%         1    ##.....
 Blink                    Tloc           N/A          99%         2    ###....
 Poisonous Vapours        Pois/Air       #.....       99%         2    ###....
 Shroud of Golubria       Chrm/Tloc      #.....       99%         2    ###....
 Song of Slaying          Chrm           #.......     99%         2    ###....
 Sticks to Snakes         Tmut           #.......     99%         2    ###....
 Swiftness                Chrm/Air       #.......     99%         2    ###....
 Confusing Touch          Hex            #.......     100%        3    ####...
 Gell's Gravitas          Tloc           #.........   100%        3    ####...
 Ignite Poison            Fire/Tmut/Pois #.......     100%        3    ####...
 Lesser Beckoning         Tloc           #.........   100%        3    ####...
 Mephitic Cloud           Conj/Pois/Air  #.......     100%        3    ####...
 Ozocubu's Armour         Chrm/Ice       #.......     100%        3    ####...
 Spectral Weapon          Hex/Chrm       #.......     100%        3    ####...
 Spider Form              Tmut/Pois      #.........   100%        3    ####...
 Static Discharge         Conj/Air       #.......     100%        3    ####...
 Teleport Other           Tloc           #.......     100%        3    ####...
 Airstrike                Air            #.........   100%        4    #####..
 Ice Form                 Ice/Tmut       #.......     100%        4    #####..
 Olgreb's Toxic Radiance  Pois           #.......     100%        4    #####..
 Passage of Golubria      Tloc           N/A          100%        4    #####..
 Petrify                  Tmut/Erth      #.......     100%        4    #####..
 Blade Hands              Tmut           #.........   100%        5    ######.
 Fireball                 Conj/Fire      #.........   100%        5    ######.
 Irradiate                Conj/Tmut      #.........   100%        5    ######.
 Lightning Bolt           Conj/Air       #.........   100%        5    ######.
 Metabolic Englaciation   Hex/Ice        #.........   100%        5    ######.
 Yara's Violent Unravell  Hex/Tmut       #.........   100%        5    ######.
 Hydra Form               Tmut           #.........   100%        6    #######
 Starburst                Conj/Fire      #.........   100%        6    #######
 Statue Form              Tmut/Erth      #........    100%        6    #######
 Dragon Form              Tmut           #.........   100%        7    #######
 Ring of Flames           Chrm/Fire      #.........   100%        7    #######
 Ignition                 Fire           #.........   100%        8    #######


Dungeon Overview and Level Annotations

Branches:
Dungeon (15/15)            Temple (1/1) D:5            Lair (6/6) D:9
 Shoals (4/4) Lair:3        Snake (4/4) Lair:4        Slime (0/5) Lair:6
    Orc (2/2) D:10            Elf (1/3) Orc:2        Vaults (0/5) D:13
 Depths (0/5) D:15        Gauntlet (visited)

Altars:
Ashenzari
Cheibriados
Dithmenos
Elyvilon
Fedhas
Gozag
Hepliaklqana
Kikubaaqudgha
Makhleb
Nemelex Xobeh
Okawaru
Qazlal
Ru
Sif Muna
Trog
Uskayaw
Vehumet
Wu Jian
Xom
Yredelemnul
Zin
The Shining One
Beogh
Jiyva

Shops:
D:9 =   D:15 [*?*[   Orc:2 %%[(}   Snake:1 [*:?   Snake:2 !


Innate Abilities, Weirdness & Mutations

You reflexively headbutt those who attack you in melee.
You have a pair of horns on your head.


Message History

The deep elf mage casts a spell.
The deep elf mage blinks!
The deep elf knight unwields a +0 longbow.
The deep elf knight wields a +0 long sword.
The deep elf knight hits you with a +0 long sword!
Items here: )) [[ †† You completely miss the deep elf knight.
You miss the deep elf knight.
The deep elf knight points at you and mumbles some strange words.
The lance of force hits you!!
You are knocked back by the lance of force.
You slam into the rock wall!
* * * LOW HITPOINT WARNING * * *
You are too injured to fight recklessly!
The deep elf knight gestures at you while chanting.
The stone arrow hits you!!
* * * LOW HITPOINT WARNING * * *
The deep elf knight points at you and mumbles some strange words.
The lance of force hits you!
You die...

#....$e:....
+.....e....#
#.......!.#
#.......#
##.....##
#####.....##
#.ee.(#...#
#)###.#.#.#
#@# #'#'#+#
#.# #.#.#.#
#.############
#............#
#.......[))<.#
#.....)..[...#
#............#
#............#
##############


You could see a deep elf knight (fast, empowered).

Vanquished Creatures
  Mara (Shoals:4)
  Saint Roka (Orc:2)
  Jorgrun (Orc:2)
  Polyphemus (Shoals:2)
  A kraken (Shoals:1)
  The ghost of LaularuKyrumo the Fencer, an adept NaBe of Trog (Shoals:1)
  Roxanne (D:14)
  9 nagarajas
  The ghost of kelmiir the Warrior, an adept GrFi of Makhleb (Shoals:2)
  Nessos (D:14)
  A minotaur (Gauntlet)
  The ghost of Shaidar the Severer, a journeyman MiBe of Trog (Lair:4)
  5 merfolk javelineers (Shoals:4)
  A merfolk impaler (Shoals:4)
  Josephine (D:13)
  A death ooze (Gauntlet)
  Erolcha (D:9)
  Harold (D:8)
  10 naga warriors
  6 hydras
  An ogre mage (D:15)
  4 centaur warriors
  An alligator (Shoals:4)
  2 merfolk aquamancers (Shoals:4)
  2 catoblepae
  3 alligator snapping turtles
  4 merfolk avatars
  7 anacondas
  7 two-headed ogres
  4 satyrs (Shoals:4)
  A dancing weapon (Shoals:2)
  12 death yaks
  6 shock serpents
  2 deep elf knights (Elf:1)
  7 naga sharpshooters
  3 salamander mystics
  2 glowing orange brains
  16 sea snakes
  2 unseen horrors
  5 naga ritualists
  A harpy (shapeshifter) (D:15)
  A necromancer (D:13)
  2 orc knights
  8 harpies
  6 mana vipers
  13 fauns
  9 deep elf magi
  A wolf spider (shapeshifter) (D:15)
  11 salamanders
  An oklob plant (Lair:6)
  5 cyclopes
  6 ugly things
  18 manticores
  3 orc sorcerers
  6 merfolk sirens
  17 naga magi
  26 black mambas
  2 torpor snails
  3 guardian serpents
  15 elephants (Lair:6)
  3 water nymphs (Shoals:2)
  22 spiny frogs
  A spiny frog (shapeshifter) (D:15)
  A kobold demonologist (D:15)
  A yaktaur (shapeshifter) (D:13)
  An efreet (D:14)
  5 rime drakes
  8 komodo dragons
  2 polar bears
  7 trolls
  9 wind drakes
  19 merfolk
  A queen bee (shapeshifter) (D:15)
  3 tyrant leeches (Lair:6)
  5 slime creatures (D:15)
  2 hornets
  38 blink frogs
  7 dream sheep
  8 snapping turtles
  20 hippogriffs
  2 shadows
  4 water elementals
  2 wyverns (D:15)
  6 wraiths (D:13)
  63 yaks
  4 basilisks
  3 steam dragons
  4 hungry ghosts
  8 vampire mosquitoes
  5 wargs
  55 nagas
  An acid dragon (D:15)
  15 water moccasins
  14 porcupines
  2 ice beasts
  41 orc warriors
  3 phantoms
  4 black bears
  An eye of draining (D:13)
  3 necrophages
  2 sky beasts
  9 wolves
  23 ogres
  14 centaurs
  8 crocodiles
  A crocodile (shapeshifter) (D:15)
  2 big kobolds
  17 bullfrogs
  A wyvern zombie (D:6)
  4 gnoll sergeants
  5 scorpions
  2 howler monkeys (D:5)
  22 wights
  6 electric eels
  8 crimson imps
  3 quasits (D:8)
  5 hounds
  6 centaur zombies
  2 jellies
  A bullfrog zombie (D:13)
  23 orc priests
  2 bullfrog skeletons
  3 iguanas
  5 centaur skeletons
  10 worker ants
  45 orc wizards
  A hound zombie (D:9)
  A hound skeleton (D:7)
  2 mummies (D:9)
  A worker ant zombie (D:10)
  22 gnolls
  14 adders
  A shadow imp (D:5)
  2 adder zombies (D:9)
  2 adder skeletons (D:7)
  2 dart slugs (D:1)
  5 leopard geckos
  107 orcs
  2 ball pythons
  8 bats
  8 giant cockroaches
  10 goblins
  12 hobgoblins
  15 jackals
  5 quokkas
  7 frilled lizards
  2 jackal skeletons
  8 kobolds
  2 leopard gecko zombies
  7 rats
  5 plants
  3 tentacles (Shoals:1)
1177 creatures vanquished.

Vanquished Creatures (others)
  4 bushes (Lair:6)
  27 fungi (Lair:6)
  160 plants
  6 tentacles (Shoals:1)
197 creatures vanquished.

Grand Total: 1374 creatures vanquished

Notes
Turn   | Place    | Note
-------+----------+-------------------------------------------
     0 | D:1      | Infinimo the Minotaur Fighter began the quest for the Orb.
     0 | D:1      | Reached XP level 1. HP: 19/19 MP: 0/0
   124 | D:1      | Reached XP level 2. HP: 27/27 MP: 1/1
   284 | D:1      | Reached skill level 3 in Maces & Flails
   746 | D:2      | Reached XP level 3. HP: 33/33 MP: 2/2
   944 | D:2      | Reached XP level 4. HP: 17/40 MP: 3/3
  1034 | D:2      | Reached skill level 4 in Maces & Flails
  1507 | D:2      | Reached XP level 5. HP: 33/47 MP: 4/4
  2172 | D:3      | Reached skill level 5 in Maces & Flails
  2533 | D:3      | Found a burning altar of Makhleb.
  2533 | D:3      | Noticed an Executioner
  2536 | D:3      | Noticed a neqoxec
  2536 | D:3      | Noticed a hellwing
  2957 | D:4      | Reached XP level 6. HP: 43/55 MP: 5/5
  2958 | D:4      | Reached skill level 5 in Armour
  3093 | D:4      | Reached skill level 5 in Fighting
  3093 | D:4      | Reached skill level 5 in Shields
  3278 | D:4      | Reached skill level 6 in Maces & Flails
  3288 | D:4      | Reached XP level 7. HP: 42/61 MP: 6/6
  4597 | D:4      | Reached skill level 7 in Maces & Flails
  4767 | D:5      | Entered Level 5 of the Dungeon
  4873 | D:5      | Reached XP level 8. HP: 67/70 MP: 7/7
  5379 | D:5      | Found a staircase to the Ecumenical Temple.
  5390 | D:5      | Reached skill level 8 in Maces & Flails
  6008 | Temple   | Entered the Ecumenical Temple
  6085 | Temple   | Became a worshipper of Warmaster Okawaru
  6287 | D:6      | Reached skill level 9 in Maces & Flails
  6547 | D:6      | Reached * piety under Okawaru
  6547 | D:6      | Reached XP level 9. HP: 38/79 MP: 8/8
  6908 | D:6      | Found a shattered altar of Ashenzari.
  7862 | D:7      | Reached skill level 10 in Maces & Flails
  7869 | D:7      | Reached ** piety under Okawaru
  8952 | D:8      | Reached skill level 11 in Maces & Flails
  9421 | D:8      | Reached XP level 10. HP: 77/90 MP: 9/9
  9546 | D:8      | Reached *** piety under Okawaru
 10069 | D:8      | Received a gift from Okawaru
 10520 | D:9      | Noticed a death yak
 10520 | D:9      | Noticed a death yak
 10532 | D:9      | Noticed a death yak
 10534 | D:9      | Noticed a death yak
 10540 | D:8      | Killed a death yak
 10708 | D:9      | Noticed a death yak
 10724 | D:8      | Killed a death yak
 10724 | D:8      | Reached **** piety under Okawaru
 10724 | D:8      | Reached skill level 12 in Maces & Flails
 11000 | D:9      | Noticed Erolcha
 11115 | D:8      | Noticed a two-headed ogre
 11121 | D:8      | Killed a two-headed ogre
 11270 | D:9      | Noticed Harold
 11611 | D:8      | Killed Harold
 11611 | D:8      | Reached ***** piety under Okawaru
 11920 | D:9      | Reached XP level 11. HP: 98/98 MP: 10/10
 11970 | D:9      | Received a gift from Okawaru
 11980 | D:9      | Got a faintly humming hat {god gift}
 11986 | D:9      | Identified the +0 hat of the Eternal Void {rF- Str+4
                  | Stlth+} (Okawaru gifted it to you on level 9 of the
                  | Dungeon)
 12107 | D:9      | Reached skill level 10 in Armour
 12389 | D:9      | Killed Erolcha
 12389 | D:9      | Reached skill level 10 in Fighting
 12389 | D:9      | Reached skill level 13 in Maces & Flails
 12389 | D:9      | Reached skill level 10 in Shields
 12446 | D:9      | Killed a death yak
 12660 | D:8      | Killed a death yak
 12682 | D:8      | Killed a death yak
 13228 | D:9      | Found Duub's Jewellery Emporium.
 13424 | D:9      | Found a staircase to the Lair.
 13779 | D:10     | Entered Level 10 of the Dungeon
 13836 | D:10     | Noticed a green ugly thing
 13851 | D:10     | Killed a green ugly thing
 14317 | D:10     | Reached skill level 14 in Maces & Flails
 14485 | D:10     | Received a gift from Okawaru
 14617 | D:10     | Found a staircase to the Orcish Mines.
 14912 | D:10     | Reached XP level 12. HP: 106/110 MP: 11/11
 15431 | D:11     | Reached ****** piety under Okawaru
 15431 | D:11     | Received a gift from Okawaru
 16496 | D:12     | Noticed a six-headed hydra
 16509 | D:12     | Killed a six-headed hydra
 16509 | D:12     | Reached skill level 15 in Maces & Flails
 17569 | D:13     | Noticed a centaur warrior
 17573 | D:13     | Killed a centaur warrior
 17751 | D:13     | Noticed a five-headed hydra
 17769 | D:13     | Killed a five-headed hydra
 17769 | D:13     | Received a gift from Okawaru
 18092 | D:13     | Reached skill level 16 in Maces & Flails
 18092 | D:13     | Reached XP level 13. HP: 118/118 MP: 12/12
 18180 | D:13     | Noticed Josephine
 18195 | D:13     | Killed Josephine
 18765 | D:13     | Found a gate to the Vaults.
 19126 | D:14     | Noticed Roxanne
 19322 | D:14     | Killed Roxanne
 19820 | D:14     | Found a shattered altar of Ashenzari.
 19904 | D:14     | Noticed Nessos
 19920 | D:14     | Killed Nessos
 19920 | D:14     | Received a gift from Okawaru
 20450 | D:15     | Entered Level 15 of the Dungeon
 20465 | D:15     | Reached skill level 17 in Maces & Flails
 20520 | D:15     | Found Heecepla's Magic Scroll Shop.
 20542 | D:15     | Found Etoghag's Assorted Antiques.
 20543 | D:15     | Found a gate leading to a gauntlet.
 20547 | D:15     | Found Tetipsuu's Armour Shoppe.
 20558 | Gauntlet | Entered a Gauntlet
 20558 | Gauntlet | Found a transporter.
 20558 | Gauntlet | Found a transporter.
 20561 | Gauntlet | Found a transporter.
 20565 | Gauntlet | Found a transporter.
 20565 | Gauntlet | Found a transporter.
 20587 | Gauntlet | Found a transporter.
 20638 | Gauntlet | Found a transporter.
 20639 | Gauntlet | Found a transporter.
 20642 | Gauntlet | Found a transporter.
 20642 | Gauntlet | Found a transporter.
 20668 | Gauntlet | Noticed a death ooze
 20672 | Gauntlet | Killed a death ooze
 20677 | Gauntlet | Got a warped helmet
 20714 | Gauntlet | Found a transporter.
 21076 | Gauntlet | Found a transporter.
 21102 | Gauntlet | Noticed a minotaur
 21115 | Gauntlet | Killed a minotaur
 21149 | D:15     | Identified a scroll of acquirement
 21470 | D:15     | Bought a runed cloak for 172 gold pieces
 21470 | D:15     | Bought a pair of runed gloves for 172 gold pieces
 21470 | D:15     | Bought a potion of curing for 69 gold pieces
 21470 | D:15     | Bought a potion of curing for 69 gold pieces
 21470 | D:15     | Bought a potion of curing for 69 gold pieces
 21470 | D:15     | Bought a ring of slaying for 46 gold pieces
 21660 | D:15     | Found Xerghe's Assorted Antiques.
 21697 | D:15     | Found Monuttee's Armour Shop.
 21834 | D:15     | Reached XP level 14. HP: 129/129 MP: 13/13
 21878 | D:15     | Found a staircase to the Depths.
 22132 | D:15     | Received a gift from Okawaru
 22772 | D:15     | Got a warped demon whip {god gift}
 22773 | D:15     | Identified the +8 demon whip of Eniysemy {pain, rC+ Dex+2}
                  | (Okawaru gifted it to you on level 15 of the Dungeon)
 22807 | D:15     | Bought a paperback book for 360 gold pieces
 22939 | Lair:1   | Entered Level 1 of the Lair of Beasts
 23061 | Lair:1   | Reached skill level 18 in Maces & Flails
 23414 | Lair:1   | Received a gift from Okawaru
 24096 | Lair:2   | Learned a level 1 spell: Animate Skeleton
 24982 | Lair:3   | Found a staircase to the Shoals.
 25300 | Lair:4   | Reached skill level 1 in Necromancy
 25538 | Lair:4   | Found a runed translucent gate.
 25538 | Lair:4   | Found a runed translucent gate.
 25539 | Lair:4   | Found a runed translucent gate.
 25541 | Lair:4   | Noticed Shaidar's ghost (journeyman MiBe)
 25651 | Lair:4   | Found a staircase to the Snake Pit.
 26369 | Lair:4   | Killed Shaidar's ghost
 27375 | Lair:6   | Entered Level 6 of the Lair of Beasts
 27389 | Lair:6   | Received a gift from Okawaru
 27546 | Lair:5   | Reached XP level 15. HP: 127/138 MP: 14/14
 27990 | Lair:6   | Reached skill level 19 in Maces & Flails
 28424 | Lair:6   | Received a gift from Okawaru
 28425 | Lair:6   | Got a pair of faintly humming gloves {god gift}
 29271 | Lair:6   | Found a staircase to the Slime Pits.
 29275 | Lair:6   | Found a viscous altar of Jiyva.
 29645 | Snake:1  | Entered Level 1 of the Snake Pit
 29954 | Snake:1  | Found Hixyilee's Book Shop.
 29954 | Snake:1  | Found Beyvam's General Store.
 29955 | Snake:1  | Found Woxuwk's Armour Boutique.
 29958 | Snake:1  | Reached skill level 5 in Necromancy
 29962 | Snake:1  | Found Synlaquo's Magic Scroll Shop.
 29975 | Snake:1  | Bought a +1 plate armour of poison resistance for 416 gold
                  | pieces
 30008 | Snake:1  | Identified the +2 pair of gloves of Etwofe {Harm Str+3
                  | Dex+5} (Okawaru gifted it to you on level 6 of the Lair of
                  | Beasts)
 30038 | Snake:1  | Bought a scroll of blinking for 142 gold pieces
 30038 | Snake:1  | Bought a scroll of fear for 66 gold pieces
 30038 | Snake:1  | Bought a scroll of teleportation for 57 gold pieces
 30038 | Snake:1  | Bought a scroll of teleportation for 57 gold pieces
 30758 | Snake:2  | Found Ozxezuan's Distillery.
 30766 | Snake:2  | Bought a potion of curing for 48 gold pieces
 30766 | Snake:2  | Bought a potion of heal wounds for 80 gold pieces
 30766 | Snake:2  | Bought a potion of curing for 48 gold pieces
 30786 | Snake:2  | Reached skill level 15 in Fighting
 30913 | Snake:2  | Noticed a nagaraja
 30931 | Snake:2  | Killed a nagaraja
 30931 | Snake:2  | Reached skill level 15 in Armour
 31312 | Snake:2  | You fall into a shaft and drop 1 floor!
 31510 | Snake:3  | Reached XP level 16. HP: 149/149 MP: 15/15
 31518 | Snake:3  | Received a gift from Okawaru
 31518 | Snake:3  | Reached skill level 15 in Shields
 31689 | Snake:3  | Identified the +1 scale mail of the Cockatrice {Regen+
                  | Int+2 Dex+4} (You found it on level 3 of the Snake Pit)
 32375 | Snake:3  | Reached skill level 20 in Maces & Flails
 32388 | Snake:3  | Received a gift from Okawaru
 33004 | Snake:4  | Entered Level 4 of the Snake Pit
 33109 | Snake:4  | Received a gift from Okawaru
 34296 | Snake:4  | Received a gift from Okawaru
 34719 | Snake:4  | Got a serpentine rune of Zot
 34754 | Snake:4  | Reached XP level 17. HP: 152/158 MP: 16/16
 35117 | Shoals:1 | Entered Level 1 of the Shoals
 35272 | Shoals:1 | Found a large runed translucent door.
 35272 | Shoals:1 | Found a large runed translucent door.
 35273 | Shoals:1 | Noticed LaularuKyrumo's ghost (adept NaBe)
 35472 | Shoals:1 | Noticed a kraken
 35487 | Shoals:1 | Killed a kraken
 36263 | Shoals:1 | Killed LaularuKyrumo's ghost
 36497 | Orc:1    | Entered Level 1 of the Orcish Mines
 36599 | Orc:1    | Found a roughly hewn altar of Beogh.
 36696 | Orc:1    | Reached skill level 21 in Maces & Flails
 37124 | Orc:2    | Entered Level 2 of the Orcish Mines
 37187 | Orc:2    | Found a roughly hewn altar of Beogh.
 37199 | Orc:2    | Found Cytiqar's Gadget Emporium.
 37262 | Orc:2    | Received a gift from Okawaru
 37282 | Orc:2    | Found a bloodstained altar of Trog.
 37317 | Orc:2    | Noticed Jorgrun
 37324 | Orc:2    | Killed Jorgrun
 37348 | Orc:2    | Found Eweda's Food Emporium.
 37410 | Orc:2    | Found a staircase to the Elven Halls.
 37793 | Orc:2    | Found a roughly hewn altar of Beogh.
 37903 | Orc:2    | Noticed Saint Roka
 38179 | Orc:2    | Killed Saint Roka
 38179 | Orc:2    | Received a gift from Okawaru
 38193 | Orc:2    | Found Faho's Antique Armour Shop.
 38195 | Orc:2    | Found a roughly hewn altar of Beogh.
 38337 | Orc:2    | Found Xeot's Antique Weapon Boutique.
 38379 | Orc:2    | Bought a pair of glowing gloves for 247 gold pieces
 38503 | Orc:2    | Found a roughly hewn altar of Beogh.
 38568 | Orc:2    | Found Vaotaqac's Food Boutique.
 39236 | Shoals:2 | Noticed Polyphemus
 39734 | Shoals:2 | Found a runed translucent door.
 39734 | Shoals:2 | Found a shimmering altar of Xom.
 39734 | Shoals:2 | Noticed kelmiir's ghost (adept GrFi)
 39787 | Shoals:2 | Killed kelmiir's ghost
 39942 | Shoals:2 | Killed Polyphemus
 40753 | Shoals:3 | Received a gift from Okawaru
 40756 | Shoals:3 | Got a pair of scorched gloves {god gift}
 40757 | Shoals:3 | Identified the +0 pair of gloves "Roled" {rCorr Str+3
                  | Dex+2} (Okawaru gifted it to you on level 3 of the Shoals)
 41308 | Shoals:4 | Entered Level 4 of the Shoals
 41777 | Shoals:4 | Reached XP level 18. HP: 168/168 MP: 17/17
 44313 | Shoals:4 | Received a gift from Okawaru
 44324 | Shoals:4 | Got a pair of heavily runed gloves {god gift}
 44325 | Shoals:4 | Identified the +2 pair of gloves of Resilience {rC+}
                  | (Okawaru gifted it to you on level 4 of the Shoals)
 44763 | Shoals:4 | Got a barnacled rune of Zot
 44843 | Shoals:4 | Noticed Mara
 44883 | Shoals:4 | Noticed Infinimo's illusion
 45270 | Shoals:4 | Noticed Infinimo's illusion
 45291 | Shoals:4 | Killed Mara
 45291 | Shoals:4 | Reached skill level 22 in Maces & Flails
 45814 | Elf:1    | Entered Level 1 of the Elven Halls
 45991 | Elf:1    | HP: 7/168 [deep elf knight/stone arrow[a deep elf high
                  | priest] (26)]
 45991 | Elf:1    | Killed from afar by a deep elf knight

Illustrated notes

Levels and vault maps discovered:
D:1:      minmay_arrival_cross, layout_loops_ring, moated_statue
D:2:      kennysheep_big_flooded_room, layout_basic, first_ration,
          chequers_serial_rivers_room_b, minmay_tromino_i2
D:3:      layout_loops_ring, makhleb_altar_promises_db
D:4:      layout_gridville
D:5:      layout_rooms, minmay_temple_entry_statues_pillars
D:6:      layout_loops_ring, gup_sewer_entry_spiral, evilmike_ruin_ashenzari
D:7:      layout_basic
D:8:      layout_basic, grunt_ogre_cave, corner_web_ring, lightli_minifort
D:9:      layout_basic, dpeg_lair_monsters, serial_shops, shop_fountains,
          serial_undead, serial_undead_e, serial_undead_d, serial_undead_e,
          serial_undead_b, serial_undead_d, serial_undead_d, uniq_erolcha,
          uniq_harold
D:10:     layout_irregular_city, kennysheep_orc_monster_closet_entryway
D:11:     layout_loops_cross
D:12:     layout_basic, serial_park_tiny_1
D:13:     nooodl_glass_maze, layout_basic, david_vaults_4, uniq_josephine
D:14:     layout_roguey, basic_altar, uniq_nessos, uniq_roxanne
D:15:     gammafunk_enter_depths_forms, layout_basic, serial_shops, shop,
          nicolae_shop_behind_doors, nicolae_shop_overgrown_old_shop,
          nicolae_shop_window_shopping, shop, patterned_corridor,
          gauntlet_entry_generic
Temple:   grunt_wide_crystal_templ
Lair:1:   layout_chaotic_city
Lair:2:   layout_loops_ring, lemuel_fruit_tree, grunt_megastairs_4
Lair:3:   layout_gridlike, minmay_shoals_entry_hut, gammafunk_lair_bear_cave
Lair:4:   layout_cave_pods, guppyfry_snake_entry_island,
          ebering_ghost_rock_garden, chequers_serial_rivers_micro_b
Lair:5:   layout_hall_layers, grunt_megastairs_2, serial_bayou_shore_a
Lair:6:   minmay_lair_end_frog_pond, layout_loops_ring, slime_altar_1
Shoals:1: layout_shoals, ebering_ghost_disaster_area, nicolae_shoals_drake_roost
Shoals:2: layout_shoals, ebering_ghost_xom, serial_shops, bzr_entry_gold,
          uniq_polyphemus
Shoals:3: layout_shoals
Shoals:4: shoals_end_grunt_garden, layout_shoals,
          nicolae_shoals_siren_and_animal_friends, uniq_mara
Snake:1:  layout_rooms, minmay_shoptagon
Snake:2:  layout_misc_corridors, serial_shops, shop, drop_trap
Snake:3:  layout_cave_town
Snake:4:  minmay_snake_end_coiled, layout_cave_town
Orc:1:    layout_diamond_mine, basic_altar
Orc:2:    grunt_orc_community_town_hall, layout_caves,
          grunt_orc_community_big_house_2, grunt_orc_community_big_house_2,
          grunt_orc_community_house_2, grunt_orc_community_house_1,
          grunt_orc_community_house_2, grunt_orc_community_house_3,
          serial_shops, shop, basic_altar, lemuel_statue_altar, uniq_jorgrun
Elf:1:    minmay_elf_arrival_summoners, layout_gridlike,
          hangedman_elf_disciples, nicolae_alphabet_shops

Skill      XL: |  1  2  3  4  5  6  7  8  9 10 11 12 13 14 15 16 17 18 |
---------------+-------------------------------------------------------+-----
Maces & Flails | 3 4 5 6 7 9 11 12 14 16 17 18 19 20 21 22 | 22.1
Armour         | 4 5 6 7 8 9 11 12 13 14 15 16 | 16.8
Fighting       | 4 5 6 7 8 9 11 12 13 14 15 16 | 16.9
Shields        | 4 5 6 7 8 9 11 12 13 14 15 16 | 16.8
Necromancy     | 2 5 7 9 |  9.9

Action                   |  1- 3 |  4- 6 |  7- 9 | 10-12 | 13-15 | 16-18 || total
-------------------------+-------+-------+-------+-------+-------+-------++-------
Melee: Flail             |    92 |   155 |   447 |   270 |       |       ||   964
       Headbutt          |     8 |    28 |    83 |   158 |   314 |   348 ||   939
       Morningstar       |       |       |       |   428 |   308 |       ||   736
       Demon whip        |       |       |       |       |   739 |  1130 ||  1869
Invok: Heroism           |       |       |       |     2 |     1 |       ||     3
  Use: Scroll            |       |       |    16 |     7 |    16 |    19 ||    58
       Potion            |       |       |     2 |     3 |     5 |     5 ||    15
 Stab: Invisible         |       |       |       |       |     4 |       ||     4
  Eat: Chunk             |       |     8 |    19 |    22 |    27 |    31 ||   107
       Ration            |       |       |     1 |     3 |     5 |     4 ||    13
Armor: Scale mail        |    35 |    60 |   120 |    67 |       |     7 ||   289
       Plate armour      |       |       |       |   134 |   310 |   307 ||   751
Dodge: Dodged            |    28 |    44 |   115 |   116 |   143 |   176 ||   622
       Repelled          |       |       |       |       |    12 |    80 ||    92
Block: Kite shield       |    55 |    80 |   232 |   318 |   502 |   657 ||  1844
